 Dungeon Sprint DCSS version 0.30.1-5-ged363bc7ee (webtiles) character file.

Game seed: 5436436056989635945

4151 Heoruswealwe the Peltast (level 10, -7/92 HPs)
             Began as a Formicid Fighter on Sept 19, 2023.
             Was a High Priest of the Shining One.
             Mangled by a stone giant (40 damage)
             ... in the Dungeon (Sprint V: "Ziggurat Sprint").
             The game lasted 00:10:58 (306 turns).

Heoruswealwe the Peltast (Formicid Fighter)          Turns: 306, Time: 00:10:59

Health: -7/92      AC: 28    Str: 37    XL:     10   Next: 52%
Magic:  10/10      EV:  2    Int:  8    God:    the Shining One [*****.]
Gold:   0          SH: 31    Dex: 13    Spells: 9/9 levels left

rFire   + . .        a - +10 dark maul {heavy}
rCold   + . .        d - +18 shield of the Gong {Loud rN+ Will+ rCorr EV-5}
rNeg    + + +        c - +9 gold dragon scales
rPois   +            (helmet unavailable)
rElec   .            (no cloak)
rCorr   +            (no gloves)
SInv    +            (no boots)
Will    ++...        (no amulet) Stlth
                     k - +6 ring of strength
HPRegen 0.35/turn    j - +6 ring of strength
MPRegen 0.12/turn

%: no passive effects
@: glowing
A: permanent stasis, dig shafts and tunnels, antennae 3, four strong arms
a: Dig, Renounce Religion, Divine Shield, Cleansing Flame, Summon Divine Warrior


You were in the Dungeon.
You worshipped the Shining One.
The Shining One was extremely pleased with you.
You visited 1 branch

Inventory:

Hand Weapons
 a - the +10 dark maul (weapon) {heavy}
   (You found it in the Dungeon)
 b - the +7 great mace "Firestarter" {flame, immolate, rFlCloud rF++}
   (You found it in the Dungeon)

   rFlCloud:  It grants immunity to clouds of flame.
   rF:        It greatly protects you from fire.
 l - the +6 shillelagh "Devastator" {shatter}
   (You found it in the Dungeon)
 m - a +5 demon whip
Armour
 c - +9 gold dragon scales (worn)
 d - the +18 shield of the Gong (worn) {Loud rN+ Will+ rCorr EV-5}
   (You found it in the Dungeon)

   Loud:      It is deafeningly noisy when blocking attacks.
   EV:        It affects your evasion (-5).
   rN:        It protects you from negative energy.
   rCorr:     It protects you from acid and corrosion.
   Will:      It increases your willpower.
 n - the +15 Maxwell's patent armour {-Cast -Tele rElec Will+ rCorr}
   (You found it in the Dungeon)

   rElec:     It insulates you from electricity.
   -Cast:     It prevents spellcasting.
   -Tele:     It prevents most forms of teleportation.
   rCorr:     It protects you from acid and corrosion.
   Will:      It increases your willpower.
 o - a +5 crystal plate armour
Jewellery
 j - a +6 ring of strength (right hand)
 k - a +6 ring of strength (left hand)
Potions
 e - 10 potions of curing
 f - 7 potions of heal wounds
 x - 4 potions of resistance
 C - 6 potions of might
Miscellaneous
 g - a phial of floods


   Skills:
 + Level 13.4 Fighting
 + Level 12.2 Maces & Flails
 + Level 13.4 Armour
 + Level 15.8 Shields


You had 9 spell levels left.
You didn't know any spells.
Your spell library contained the following spells:

 Spells                   Type           Power      Damage    Failure   Level
 Animate Armour           Summ/Erth      0%         N/A       100%        4
 Arcjolt                  Conj/Air       0%         1d10      100%        5
 Blade Hands              Tmut           0%         N/A       100%        5
 Iron Shot                Conj/Erth      0%         9d1       100%        6
 Maxwell's Capacitive Co  Air            0%         ∞         100%        8
 Vhi's Electric Charge    Tloc/Air       Unusable   N/A       N/A         3

Dungeon Overview and Level Annotations

Branches:
Dungeon (1/1)

Altars:
Ashenzari
Cheibriados
Dithmenos
Elyvilon
Fedhas
Gozag
Hepliaklqana
Kikubaaqudgha
Makhleb
Nemelex Xobeh
Okawaru
Qazlal
Ru
Sif Muna
Trog
Uskayaw
Vehumet
Wu Jian
Xom
Yredelemnul
Zin
The Shining One
Jiyva
Lugonu

Annotations:
D Louise


Innate Abilities, Weirdness & Mutations

You cannot be hasted, slowed, berserked, paralysed or teleported.
You can dig through walls and to a lower floor.
You have a pair of large antennae on your head. (SInv)
Your four strong arms can wield two-handed weapons with a shield.


Message History

You block the troll's attack.
SHROANNG!
The troll claws you. You block the stone giant's attack.
GONNNNG!
Louise mumbles some strange words.
Louise blinks!
You block the vault guard's attack.
GONNNNG!
The vault guard hits you from afar with a +0 bardiche.
You feel much better. You block the stone giant's attack.
SHROANNG!
You block the vault guard's attack.
BOUMMMMG!
You block the vault guard's attack.
PANG!
The troll bites you but does no damage. You block the troll's attack.
BOUMMMMG!
The troll barely misses you.
You barely miss the troll. You block the troll's attack.
PANG!
You block the troll's attack.
GONNNNG!
You block the troll's attack.
PTOANNNG!
You block the stone giant's attack.
SHROANNG!
Louise mumbles some strange words.
Louise blinks!
The vault guard hits you from afar with a +0 bardiche.
The vault guard hits you with a +0 war axe.
The troll barely misses you. You block the troll's attack.
PANG!
The troll claws you but does no damage. You block the stone giant's attack.
PTOANNNG!
Louise gestures wildly while chanting.
Louise blinks!
The vault guard hits you from afar with a +0 bardiche!
The vault guard hits you but does no damage. x3
The troll bites you but does no damage.
The troll claws you but does no damage. x2
The stone giant hits you!!!
You die... {{{{

▓..|))..▓
{{{
▓..)[[..▓
▓.@.....▓
▓.....§.▓
▓.......▓
▓..§..pO▓
▓.....Cp▓
▓...©pT@▓
▓▓▓▓▓▓▓▓▓
{{{ {{{


You could see Louise, a stone giant (strong), 2 vault guards, an ironbound
convoker, a troll and an ogre.

Vanquished Creatures
  A dire elephant (D)
  A vault guard (D)
  4 draconians (D)
  A vault sentinel (D)
  4 merfolk (D)
  A yak (D)
  A crimson imp (D)
  A quasit (D)
  An orc priest (D)
  2 orc wizards (D)
  2 orcs (D)
  2 jackals (D)
21 creatures vanquished.

Notes
Turn   | Place    | Note
-------+----------+-------------------------------------------
     0 | D        | Heoruswealwe the Formicid Fighter began the quest for the
                  | Orb.
     0 | D        | Reached XP level 1. HP: 18/18 MP: 1/1
     0 | D        | Found a shimmering blue altar of Sif Muna.
     0 | D        | Found a sacrificial altar of Ru.
     0 | D        | Found a bloodstained altar of Trog.
     0 | D        | Found a stormy altar of Qazlal.
     0 | D        | Found an iron altar of Okawaru.
     0 | D        | Found a sparkling altar of Nemelex Xobeh.
     0 | D        | Found a blossoming altar of Fedhas.
     0 | D        | Found the +6 Majin-Bo {spellvamp, MP+6 Int+6}
     0 | D        | Found the +27 heavy crossbow "Sniper" {heavy, Acc+∞ SInv}
     0 | D        | Found the +10 dark maul {heavy}
     0 | D        | Found the +15 Maxwell's patent armour {-Cast -Tele rElec
                  | Will+ rCorr}
     0 | D        | Found the +18 shield of the Gong {Loud rN+ Will+ rCorr
                  | EV-5}
     0 | D        | Found the +16 obsidian axe {drain, demonic, Mesm Drain Fly
                  | SInv}
     0 | D        | Found the +7 great mace "Firestarter" {flame, immolate,
                  | rFlCloud rF++}
     0 | D        | Found the +6 shillelagh "Devastator" {shatter}
     0 | D        | Found the +11 plutonium sword {Contam Stlth-}
     0 | D        | Found the +8 lance "Wyrmbane" {slay drac, rPois rF+ rC+
                  | AC+3}
     0 | D        | Found the +9 sword of Zonguldrok {reap}
     0 | D        | Found the +13 scythe of Curses {drain, curses, Drain}
     0 | D        | Found the +9 sword of Power {lifebolt}
     0 | D        | Found the +7 mace of Variability {chaos, chaos arc}
     0 | D        | Found the +11 Singing Sword {sonic wave}
     0 | D        | Found the +8 storm bow {elec, penet}
     2 | D        | Found a transporter.
     2 | D        | Found an ancient bone altar of Kikubaaqudgha.
     2 | D        | Found a viscous altar of Jiyva.
     2 | D        | Found a corrupted altar of Lugonu.
     2 | D        | Found a hazy altar of Hepliaklqana.
     2 | D        | Found a burning altar of Makhleb.
     2 | D        | Found an opulent altar of Gozag.
    38 | D        | Became a worshipper of Zin the Law-Giver
    55 | D        | Fell from the grace of Zin
    55 | D        | Became a worshipper of the Shining One
   100 | D        | Reached skill level 5 in Fighting
   100 | D        | Reached skill level 5 in Armour
   100 | D        | Reached skill level 6 in Shields
   100 | D        | Reached XP level 2. HP: 27/27 MP: 2/2
   122 | D        | Entered arena 2.
   122 | D        | Noticed a crimson imp
   122 | D        | Noticed a quasit
   122 | D        | Reached * piety under the Shining One
   122 | D        | Found a transporter.
   124 | D        | Killed a quasit
   125 | D        | Reached XP level 3. HP: 34/34 MP: 3/3
   126 | D        | Reached skill level 5 in Maces & Flails
   126 | D        | Reached skill level 7 in Shields
   126 | D        | Reached XP level 4. HP: 40/40 MP: 4/4
   138 | D        | Entered arena 3.
   138 | D        | Noticed a yak
   138 | D        | Reached ** piety under the Shining One
   138 | D        | Found a transporter.
   142 | D        | Killed a yak
   143 | D        | Reached skill level 9 in Shields
   143 | D        | Reached XP level 5. HP: 48/48 MP: 5/5
   143 | D        | Reached XP level 6. HP: 55/55 MP: 6/6
   153 | D        | Entered arena 4.
   153 | D        | Noticed a draconian
   153 | D        | Noticed a draconian
   153 | D        | Noticed a draconian
   153 | D        | Noticed a draconian
   153 | D        | Reached *** piety under the Shining One
   153 | D        | Found a transporter.
   156 | D        | Killed a draconian
   157 | D        | Reached skill level 10 in Shields
   157 | D        | Reached XP level 7. HP: 64/64 MP: 7/7
   159 | D        | Killed a draconian
   160 | D        | Reached skill level 10 in Fighting
   160 | D        | Reached skill level 10 in Armour
   160 | D        | Reached skill level 11 in Shields
   160 | D        | Reached XP level 8. HP: 65/72 MP: 8/8
   160 | D        | Killed a draconian
   161 | D        | Reached skill level 12 in Shields
   161 | D        | Killed a draconian
   162 | D        | Reached skill level 10 in Maces & Flails
   162 | D        | Reached skill level 13 in Shields
   162 | D        | Reached XP level 9. HP: 75/81 MP: 9/9
   179 | D        | Entered arena 5.
   179 | D        | Noticed a merfolk
   179 | D        | Noticed a merfolk
   179 | D        | Noticed a merfolk
   179 | D        | Noticed a merfolk
   179 | D        | Found a transporter.
   183 | D        | Killed a merfolk
   184 | D        | Killed a merfolk
   186 | D        | Killed a merfolk
   187 | D        | Reached skill level 14 in Shields
   189 | D        | Killed a merfolk
   269 | D        | Entered arena 6.
   269 | D        | Reached **** piety under the Shining One
   269 | D        | Found a transporter.
   293 | D        | Entered arena 7.
   293 | D        | Found the +7 lajatang of Order {silver, rMut}
   293 | D        | Noticed a vault guard
   293 | D        | Noticed an ironbound convoker
   293 | D        | Noticed a vault sentinel
   293 | D        | Noticed a vault guard
   293 | D        | Reached ***** piety under the Shining One
   293 | D        | Noticed a vault guard
   293 | D        | Noticed a dire elephant
   299 | D        | Killed a dire elephant
   300 | D        | Reached skill level 15 in Shields
   300 | D        | Reached XP level 10. HP: 32/91 MP: 10/10
   300 | D        | Killed a vault guard
   301 | D        | Noticed a stone giant
   302 | D        | Noticed Louise
   302 | D        | Killed a vault sentinel
   302 | D        | HP: 3/92 [stone giant (12)]
   302 | D        | The Shining One protects you from harm!
   306 | D        | Mangled by a stone giant

Illustrated notes

Levels and vault maps discovered:
D:        sprint_v [room_start, room_1, room_2, room_3, room_4, room_5, room_6,
          room_7, room_8, room_9, room_10, room_11, room_12, room_13, room_14,
          room_15, room_16, room_17, room_18, room_19, room_20, room_21,
          room_22, room_23, room_24, room_25, room_26, room_27]

Skill      XL: |  1  2  3  4  5  6  7  8  9 10 |
---------------+-------------------------------+-----
Fighting       | 5 6 7 9 10 11 12 13 | 13.4
Maces & Flails | 4 5 6 8 10 11 12 | 12.2
Armour         | 5 6 7 9 10 11 12 13 | 13.4
Shields        | 6 7 9 10 11 13 15 | 15.8

Action                     |  1- 3 |  4- 6 |  7- 9 | 10-12 || total
---------------------------+-------+-------+-------+-------++-------
  Melee: Maul              |     2 |     4 |    21 |     4 ||    31
    Use: Potion            |     1 |       |       |     3 ||     4
         Scroll            |       |     4 |       |       ||     4
 Armour: Gold dragon scale |       |     4 |    50 |    17 ||    71
  Dodge: Dodged            |       |       |     2 |     2 ||     4
  Block: Kite shield       |       |    10 |    75 |    27 ||   112
